 Dungeon Crawl Stone Soup version 0.31-a0-105-gc0b45f0da6 (webtiles) character file.

Game seed: 7216672580564255245

14 Colgate the Grave Robber (level 2, 0/20 HPs)
             Began as a Meteoran Necromancer on May 27, 2023.
             Succumbed to an adder's poison
             ... on level 1 of the Dungeon.
             The game lasted 00:01:51 (119 turns).

Colgate the Grave Robber (Meteoran Necromancer)      Turns: 119, Time: 00:01:52

Health: 0/20       AC:  2    Str:  9    XL:     2   Next: 76%
Magic:  0/7        EV: 12    Int: 16    God:
Gold:   16         SH:  3    Dex: 14    Spells: 6/7 levels left

rFire   . . .        e - +0 spear
rCold   . . .        c - +0 buckler
rNeg    . . .        a - +0 robe
rPois   .            (no helmet)
rElec   .            (no cloak)
rCorr   .            (no gloves)
SInv    .            (no boots)
Will    .....        (no amulet)
Stlth   +            (no ring)
HPRegen 0.23/turn    (no ring)
MPRegen 0.10/turn

%: no passive effects
@: lethally poisoned (0 -> -6), very slightly contaminated, glowing
A: sense surroundings 1, otherworldly, glowing, explore regen
a: no special abilities


You were on level 1 of the Dungeon.
You visited 1 branch of the dungeon, and saw 2 of its levels.

You collected 16 gold pieces.

Inventory:

Hand Weapons
 e - a +0 spear (weapon)
Missiles
 g - 6 javelins
Armour
 a - a +0 robe (worn)
 c - a +0 buckler (worn)
Potions
 b - a potion of magic
 d - a potion of degeneration {unknown}
 f - a potion of lignification {unknown}


   Skills:
 - Level 2.4 Dodging
 - Level 1.4 Stealth
 - Level 3.0 Spellcasting
 + Level 4.9 Necromancy


You had 6 spell levels left.
You knew the following spells:

 Your Spells              Type           Power      Damage    Failure   Level
a - Necrotise             Necr           72%        1d7       3%          1

Your spell library contained the following spells:

 Spells                   Type           Power      Damage    Failure   Level
 Vampiric Draining        Necr           18%        2d7       12%         3
 Animate Dead             Necr           18%        N/A       36%         4
 Agony                    Necr           18%        N/A       71%         5


Dungeon Overview and Level Annotations

Branches:
Dungeon (2/15) Zot: 1078

Altars:


Innate Abilities, Weirdness & Mutations

You passively map a small area around you.
You are easily found by Zot.
You glow in the dark.
You regain HP and MP as you explore.


Message History

Aiming: Necrotise (safe; 3% risk of failure)
Aim: a ball python (severely wounded, ally target, chance to affect: 88%)
The ball python writhes in agony.
You kill the ball python!
The dead are slithering!
An adder comes into view.
Aiming: Necrotise (safe; 3% risk of failure)
Aim: an adder (chance to affect: 83%)
The adder writhes in agony.
The adder bites you.
You are poisoned.
The adder poisons you!
The adder barely misses your quokka skeleton.
Aiming: Necrotise (safe; 3% risk of failure)
Aim: an adder (chance to affect: 83%)
The adder writhes in agony.
You feel sick. The adder barely misses you. The adder bites you.
Aiming: Necrotise (safe; 3% risk of failure)
Aim: an adder (heavily wounded, chance to affect: 83%)
You miscast Necrotise.
You are very lightly contaminated with residual magic.
Nothing appears to happen.
You feel sick. The adder bites you.
You are more poisoned.
The adder poisons you! The adder bites you.
Your ball python skeleton bites the adder.
Your ball python skeleton barely misses the adder.
* * * LOW HITPOINT WARNING * * *
You feel sick. The adder bites you.
* * * LOW HITPOINT WARNING * * *
The adder bites you.
* * * LOW HITPOINT WARNING * * *
The adder bites your quokka skeleton.
Your ball python skeleton completely misses the adder.
Your ball python skeleton closely misses the adder.
The hobgoblin hits you.
* * * LOW HITPOINT WARNING * * *
Your quokka skeleton closely misses the adder.
You climb upwards.
You die...

#.. , * #.# #.# *
###.#### * *
#.#.... ,
#g..#####.#*,
#@#.......#
#SS.########.# ,
######(...........#
#...........#####
#......).##...#
#........####.#
##.....### *..##
#.......#####..##
#................


You could see 2 adders and a hobgoblin.

Vanquished Creatures
  A dart slug (D:1)
  An endoplasm (D:1)
  2 giant cockroaches (D:1)
  A quokka (D:2)
  3 ball pythons
  2 kobolds (D:1)
  A rat (D:2)
11 creatures vanquished.

Notes
Turn   | Place    | Note
-------+----------+-------------------------------------------
     0 | D:1      | Colgate the Meteoran Necromancer began the quest for the
                  | Orb.
     0 | D:1      | Reached XP level 1. HP: 14/14 MP: 5/5
    44 | D:1      | Reached XP level 2. HP: 20/20 MP: 2/7
   118 | D:2      | HP: 1/20 [hobgoblin (2)]
   119 | D:1      | Succumbed to an adder's poison

Illustrated notes

Levels and vault maps discovered:
D:1:      lemuel_arrival_muddy, layout_basic, minmay_nonomino_d4
D:2:      layout_rooms, st_stairs_11, serial_park_tiny_2, minmay_cupped

Skill      XL: |  1 |
---------------+----+-----
Spellcasting   | 3 |  3.0
Dodging        | |  2.4
Stealth        | |  1.4
Necromancy     | |  4.9

Action                     || total
---------------------------++-------
  Melee: Spear             ||     4
   Cast: Necrotise         ||    20
 Armour: Robe              ||     1
  Dodge: Dodged            ||     3
  Block: Buckler           ||     2

Table legend: (Time is in decaauts)
 A = Elapsed time spent in this place.
 B = Non-inter-level travel time spent in this place.
 C = Inter-level travel time spent in this place.
 D = Time resting spent in this place.
 E = Time spent auto-exploring this place.
 F = Levels seen in this place.
 G = Mean time per level.
                   A        B        C        D        E       F      G
               +--------+--------+--------+--------+--------+-----+--------+
         Total |    121 |    121 |      0 |      0 |      0 |   2 |   60.5 |
       Dungeon |    121 |    121 |      0 |      0 |      0 |   2 |   60.5 |
               +--------+--------+--------+--------+--------+-----+--------+

Top non-repeatable levels by time:
     D:1: 112 daAuts
     D:2: 9 daAuts
